 Dungeon Crawl Stone Soup version 0.17.0-28-g6e173f8 (webtiles) character file.

361 Ivanskos the Shield-Bearer (level 6, 29/57 HPs)
             Began as a Deep Dwarf Fighter on Dec 1, 2015.
             Quit the game on level 5 of the Dungeon.
             The game lasted 00:09:04 (2714 turns).

Ivanskos the Shield-Bearer (Deep Dwarf Fighter)     Turns: 2714, Time: 00:09:04

Health: 29/57      AC: 11    Str: 21    XL:     6   Next: 38%
Magic:  6/6        EV:  9    Int:  9    God:
Gold:   147        SH: 10    Dex: 12    Spells: 0 memorised, 5 levels left

rFire  . . .     SeeInvis .     o - +2 flail (distort)
rCold  . . .     Clarity  .     b - +0 scale mail
rNeg   . . .     SustAt   .     c - +0 shield
rPois  .         Gourm    .     (no helmet)
rElec  .         Spirit   .     (no cloak)
rCorr  .         Warding  .     l - +2 pair of gloves
rMut   .         Stasis   .     u - +0 pair of boots
MR     .....                    (no amulet)
Stlth  ..........               (no ring)
                                (no ring)

@: non-regenerating, not resistant to hostile enchantments, extremely unstealthy
A: damage resistance, recharge devices, sense surroundings 1, slow regeneration
3
a: Device Recharging


You were on level 5 of the Dungeon.
You were very hungry.

You visited 1 branch of the dungeon, and saw 5 of its levels.

You collected 147 gold pieces.

Inventory:

Hand Weapons
 o - a +2 flail of distortion (weapon)
Armour
 b - a +0 scale mail (worn)
 c - a +0 shield (worn)
 l - a +2 pair of gloves (worn)
 u - a +0 pair of boots (worn)
Wands
 e - a wand of heal wounds (4)
Scrolls
 a - 3 scrolls of teleportation {unknown}
 j - a scroll of remove curse {unknown}
 m - a scroll of fog {unknown}
 n - a scroll of immolation {unknown}
 q - a scroll of magic mapping
 s - a scroll of noise {unknown}
 t - 2 scrolls of amnesia {unknown}
 w - a scroll of enchant weapon {unknown}
Potions
 d - a potion of brilliance
 g - 3 potions of heal wounds
 i - 2 potions of cancellation
 p - a potion of haste
Books
 r - a book of Dreams

   Spells                             Type                      Level
   a - Ensorcelled Hibernation        Hexes/Ice                    2
   b - Phase Shift                    Translocation                5
   c - Shadow Creatures               Summoning                    5
   d - Silence                        Hexes/Air                    5
   e - Darkness                       Hexes                        6
   f - Mass Confusion                 Hexes                        6
Comestibles
 f - 4 bread rations
 k - 5 meat rations
 v - a slice of pizza
 x - 2 beef jerkies


   Skills:
 + Level 3.9 Fighting
 + Level 3.2 Maces & Flails
 + Level 4.3 Armour
 + Level 2.7 Dodging
 + Level 4.9 Shields


You had 5 spell levels left.
You didn't know any spells.

Dungeon Overview and Level Annotations

Branches:
Dungeon (5/15)
 Temple: D:4-7

Altars:
Ashenzari
Trog

Annotations:
D:4 Edmund


Innate Abilities, Weirdness & Mutations

You are resistant to damage.
You can recharge devices by infusing magical energy.
You passively map a small area around you.
You do not regenerate naturally.


Message History

There is an open door here.
There is an open door here.
You see here 11 bolts of flame.
You open the door.
There is an open door here.
There is a stone staircase leading down here.
Found a stone staircase leading up.
You are feeling very hungry.
There is a stone staircase leading up here.
Found a leather armour.
You now have 147 gold pieces (gained 13).
You see here a leather armour.
Done exploring.
(D) Dungeon
Where to? (Enter - D:4, ? - help)
There is a stone staircase leading down here.
You climb downwards.
Found a stone staircase leading down.
There is a stone staircase leading up here.
Are you sure you want to abandon this character and quit the game? (Confirm with "yes".)

#. , #. *
* * #. , *
#.* *,, ,
#. * , #.
* * #.###
8 *#.@.# *
.......#.#
* ..>....
.#, , ,⌠ *
.#####. ##
, ***#.* ,
, .. * *
## * , , *
*


There were no monsters in sight!

Vanquished Creatures
  The ghost of Zeloya the Bolt Thrower, an amateur KoAM (D:3)
  2 orc priests (D:3)
  Ijyb (D:2)
  Terence (D:3)
  An orc wizard (D:3)
  3 adders
  An adder skeleton (D:4)
  3 worms
  4 giant geckos
  13 orcs
  2 ball pythons
  13 bats
  6 goblins
  6 hobgoblins
  16 jackals
  8 kobolds
  A quokka (D:2)
  5 giant cockroaches
  6 giant newts
  10 rats
103 creatures vanquished.

Vanquished Creatures (others)
  A giant cockroach (D:3)
1 creature vanquished.

Grand Total: 104 creatures vanquished

Notes
Turn   | Place    | Note
--------------------------------------------------------------
     0 | D:1      | Ivanskos the Deep Dwarf Fighter began the quest for the Orb.
     0 | D:1      | Reached XP level 1. HP: 20/20 MP: 1/1
   100 | D:1      | Reached XP level 2. HP: 25/27 MP: 2/2
   352 | D:1      | Reached XP level 3. HP: 25/33 MP: 3/3
   525 | D:1      | Reached skill level 1 in Dodging
   631 | D:2      | Noticed Ijyb
   648 | D:2      | Killed Ijyb
   648 | D:2      | Reached skill level 4 in Shields
   648 | D:2      | Reached XP level 4. HP: 28/42 MP: 4/4
  1244 | D:3      | Noticed Zeloya's ghost (amateur KoAM)
  1265 | D:3      | Reached XP level 5. HP: 47/49 MP: 5/5
  1268 | D:3      | Killed Zeloya's ghost
  1288 | D:3      | Noticed Terence
  1301 | D:3      | Found a shattered altar of Ashenzari.
  1363 | D:3      | Killed Terence
  1420 | D:3      | Reached XP level 6. HP: 39/57 MP: 6/6
  1962 | D:4      | Found a bloodstained altar of Trog.
  2315 | D:4      | Noticed Edmund
  2713 | D:5      | Entered Level 5 of the Dungeon
  2714 | D:5      | Quit the game

Action                   |  1- 3 |  4- 6 || total
-------------------------+-------+-------++-------
Melee: Flail             |   112 |   159 ||   271
Evoke: Wand              |       |     1 ||     1
  Use: Scroll            |     5 |     3 ||     8
       Potion            |     1 |     2 ||     3
  Eat: Pizza             |       |     2 ||     2
       Royal jelly       |       |     1 ||     1
